 Dungeon Crawl Stone Soup version 0.31-a0-1178-gc5c9b8f871 (webtiles) character file.

Game seed: 642472930157901783

179 inmateoo the Trooper (level 5, -4/46 HPs)
             Began as a Draconian Fighter on Dec 12, 2023.
             Slain by Natasha (7 damage)
             ... on level 2 of the Dungeon.
             The game lasted 00:01:41 (1225 turns).

inmateoo the Trooper (Draconian Fighter)            Turns: 1225, Time: 00:01:41

Health: -4/46      AC:  5    Str: 21    XL:     5   Next: 32%
Magic:  5/5        EV: 12    Int:  8    God:
Gold:   89         SH:  4    Dex: 10    Spells: 4/4 levels left

rFire   . . .        k - +2 war axe (elec)
rCold   . . .        a - +0 buckler
rNeg    . . .        (body armour unavailable)
rPois   .            (helmet restricted)
rElec   .            (no cloak)
rCorr   +            (no gloves)
SInv    .            (no boots)
Will    .....        (no amulet)
Stlth   +            h - ring of resist corrosion
HPRegen 0.27/turn    (no ring)
MPRegen 0.09/turn

%: no passive effects
@: no status effects
A: AC +5, unfitting armour, cold-blooded
a: no special abilities


You were on level 2 of the Dungeon.
You visited 1 branch of the dungeon, and saw 2 of its levels.

You collected 89 gold pieces.

Inventory:

Hand Weapons
 k - a +2 war axe of electrocution (weapon)
Missiles
 d - 2 curare-tipped darts (quivered)
Armour
 a - a +0 buckler (worn)
Jewellery
 h - a ring of resist corrosion (left hand)
Scrolls
 c - 3 scrolls of identify {unknown}
 e - a scroll of revelation {unknown}
 f - 2 scrolls of teleportation {unknown}
 g - a scroll of silence {unknown}
 i - a scroll of brand weapon {unknown}
Potions
 b - a potion of might
 j - 2 potions of curing {unknown}
 l - a potion of cancellation {unknown}
 m - a potion of resistance {unknown}


   Skills:
 + Level 4.1 Fighting
 + Level 3.4 Dodging
 + Level 3.8 Shields
 * Level 3.8 Unarmed Combat


You had 4 spell levels left.
You didn't know any spells.
Your spell library was empty.

Dungeon Overview and Level Annotations

Branches:
Dungeon (2/15)

Altars:

Annotations:
D:2 Natasha


Innate Abilities, Weirdness & Mutations

Your plain brown scales are hard. (AC +5)
You cannot fit into any form of body armour.
You are cold-blooded and may be slowed by cold attacks.


Message History

You closely miss the cerulean imp. Natasha claws you but does no damage.
The cerulean imp hits you but does no damage.
The cerulean imp hits you with a +1 spear.
You barely miss Natasha.
Natasha is heavily wounded.
You hit the cerulean imp. Natasha claws you.
The cerulean imp closely misses you. The cerulean imp completely misses you.
Natasha claws you!
The cerulean imp hits you with a +1 spear.
The cerulean imp closely misses you.
You are too injured to fight recklessly!
You hit Natasha.
Your tail-slap misses Natasha.
Natasha is heavily wounded.
You barely miss the cerulean imp. Natasha claws you.
* * * LOW HITPOINT WARNING * * *
You block the cerulean imp's attack. The cerulean imp barely misses you.
You are too injured to fight recklessly!
You closely miss Natasha.
Natasha is heavily wounded.
You slash the cerulean imp!
You kill the cerulean imp!
The cerulean imp disappears in a puff of smoke!
Natasha claws you.
* * * LOW HITPOINT WARNING * * *
The cerulean imp closely misses you. Natasha closely misses you.
The cerulean imp hits you from afar with a +2 spear.
* * * LOW HITPOINT WARNING * * *
Unknown command.
You closely miss Natasha.
Natasha is heavily wounded.
Natasha casts a spell at you. You resist with some effort.
You block the cerulean imp's attack.
You barely miss Natasha.
Natasha is heavily wounded.
Natasha claws you but does no damage.
The cerulean imp hits you from afar with a +2 spear.
* * * LOW HITPOINT WARNING * * *
Natasha claws you!
You die...
Natasha begins licking her fur clean.

#>#
###.##.##.........≈#
..#
#)##.#####.....≈≈#
###
#.##....###....#≈#
#.#####.###...####
#.# #...#...# #.#
###.#...# #5# #.#####
#h# #..# .######@#
##.## .<....#.#
#..###
....:...#########...#
#####.).............#
#############..<#
#####


You could see Natasha and a cerulean imp (summoned).

Vanquished Creatures
  A scorpion (D:2)
  Natasha (twice) (D:2)
  Terence (D:2)
  2 worms (D:2)
  3 dart slugs (D:1)
  3 endoplasms
  A giant cockroach (D:1)
  3 hobgoblins
  2 jackals (D:1)
  A quokka (D:1)
  3 ball pythons (D:1)
  6 bats
  3 frilled lizards (D:1)
  4 goblins
  2 kobolds
  4 rats (D:1)
41 creatures vanquished.

Notes
Turn   | Place    | Note
-------+----------+-------------------------------------------
     0 | D:1      | inmateoo the Draconian Fighter began the quest for the Orb.
     0 | D:1      | Reached XP level 1. HP: 19/19 MP: 1/1
   218 | D:1      | Reached XP level 2. HP: 26/26 MP: 2/2
   621 | D:1      | Reached XP level 3. HP: 31/31 MP: 3/3
   949 | D:2      | Noticed Natasha
   954 | D:2      | Killed Natasha
  1103 | D:2      | Reached XP level 4. HP: 40/40 MP: 4/4
  1108 | D:2      | Noticed Natasha
  1114 | D:2      | Killed Natasha
  1170 | D:2      | Noticed a scorpion
  1174 | D:2      | Killed a scorpion
  1175 | D:2      | Reached skill level 4 in Fighting
  1175 | D:2      | Reached XP level 5. HP: 46/46 MP: 5/5
  1207 | D:2      | Noticed Terence
  1213 | D:2      | Killed Terence
  1213 | D:2      | Noticed Natasha
  1225 | D:2      | Slain by Natasha

Illustrated notes

Levels and vault maps discovered:
D:1:      nzn_arrival_depleted_hourglass, layout_basic
D:2:      layout_rooms, minmay_misc_feat_four_crosses,
          chequers_serial_rivers_small_b, uniq_natasha, uniq_terence

Skill      XL: |  1  2  3  4 |
---------------+-------------+-----
Dodging        | 3 |  3.4
Unarmed Combat | 3 |  3.8
Fighting       | 4 |  4.1
Shields        | |  3.8

Action                     |  1- 3 |  4- 6 || total
---------------------------+-------+-------++-------
  Melee: Unarmed           |    93 |       ||    93
         Tailslap          |    13 |       ||    13
         War axe           |    14 |    24 ||    38
   Stab: Sleeping          |     2 |       ||     2
 Armour: Skin              |    49 |    24 ||    73
  Dodge: Dodged            |    74 |    21 ||    95
  Block: Buckler           |    25 |     5 ||    30

Table legend: (Time is in decaauts)
 A = Elapsed time spent in this place.
 B = Non-inter-level travel time spent in this place.
 C = Inter-level travel time spent in this place.
 D = Time resting spent in this place.
 E = Time spent auto-exploring this place.
 F = Levels seen in this place.
 G = Mean time per level.
                   A        B        C        D        E       F      G
               +--------+--------+--------+--------+--------+-----+--------+
         Total |   1260 |   1186 |     74 |    122 |    705 |   2 |  630.0 |
       Dungeon |   1260 |   1186 |     74 |    122 |    705 |   2 |  630.0 |
               +--------+--------+--------+--------+--------+-----+--------+

Top non-repeatable levels by time:
     D:1: 892 daAuts
     D:2: 368 daAuts
